 Dungeon Crawl Stone Soup version 0.20-a0-553-gbaa0004 (webtiles) character file.

615969 shpingle the Devastator (level 25, -8/171 HPs)
             Began as a Cyno Fire Elementalist on Feb 5, 2017.
             Was the Champion of Vehumet.
             Killed from afar by a black draconian (39 damage)
             ... with a bolt of lightning
             ... on level 5 of the Realm of Zot on Feb 9, 2017.
             The game lasted 16:29:53 (96784 turns).

shpingle the Devastator (Cyno Fire Elementalist)   Turns: 96784, Time: 16:29:54

Health: -8/171     AC: 31    Str: 12    XL:     25   Next: 57%
Magic:  8/61       EV: 21    Int: 31    God:    Vehumet [******]
Gold:   215        SH: 19    Dex: 14    Spells: 2/54 levels left

rFire    + . .     SeeInvis .   F - +9 demon trident (vamp)
rCold    . . .     Gourm    .   n - +3 pearl dragon scales of Compression {*Drain rPois rN+ MP+9 Str+3}
rNeg     + + .     Faith    .   r - +2 shield {AC+3}
rPois    +         Spirit   .   J - +3 hat of Pondering {ponderous, MR+ MP+10 Int+5}
rElec    .         Reflect  .   P - +2 cloak
rCorr    .         Harm     .   m - +2 pair of gloves
MR       +++++                  R - +0 pair of boots of Soibba {MR++}
Stlth    ++........             A - amulet of Ykhot {RegenMP rN+ Int+3 Dex-3}
Regen    0.4/turn               q - ring of protection from fire
                                Z - +5 ring of evasion

@: slow
A: short attention span, beak, hooves 1, horns 2, large bone plates 1, yellow
scales 1, camouflage 1, deformed body, frail 1, magic resistance 1, no potion
heal 1, MP-powered wands, strong nose 3
}: 3/15 runes: serpentine, barnacled, abyssal
a: Renounce Religion


You were on level 5 of the Realm of Zot.
You worshipped Vehumet.
Vehumet was exalted by your worship.
You were not hungry.

You visited 10 branches of the dungeon, and saw 49 of its levels.
You visited the Abyss 1 time.
You also visited: Ice Cave.

You collected 6716 gold pieces.
You spent 6501 gold pieces at shops.

Inventory:

Hand Weapons
 F - a +9 vampiric demon trident (weapon)
Missiles
 k - 123 javelins (quivered)
 s - 7 tomahawks of dispersal
 M - 9 throwing nets
Armour
 h - +6 acid dragon scales
 m - a +2 pair of gloves (worn)
 n - the +3 pearl dragon scales of Compression (worn) {*Drain rPois rN+ MP+9 Str+3}
   (You bought it in a shop on level 1 of the Depths)

   It affects your strength (+3).
   It protects you from poison.
   It protects you from negative energy.
   It affects your magic capacity (+9).
   It causes draining when unequipped.
 r - a +2 shield of protection (worn)
 v - quicksilver dragon scales
 J - the +3 hat of Pondering (worn) {ponderous, MR+ MP+10 Int+5}
   (You found it in an ice cave)

   It affects your intelligence (+5).
   It affects your resistance to hostile enchantments.
   It affects your magic capacity (+10).
 P - a +2 cloak (worn)
 R - the +0 pair of boots of Soibba (worn) {MR++}
   (You found it on level 3 of the Elven Halls)

   It affects your resistance to hostile enchantments.
Jewellery
 b - an uncursed ring of protection from cold
 q - a ring of protection from fire (right hand)
 A - the amulet of Ykhot (around neck) {RegenMP rN+ Int+3 Dex-3}
   (You took it off a yaktaur on level 2 of the Vaults)

   [amulet of magic regeneration]

   It increases your magic regeneration.
   It affects your intelligence (+3).
   It affects your dexterity (-3).
   It protects you from negative energy.
 Z - a +5 ring of evasion (left hand)
Wands
 e - a wand of iceblast (7/15)
 I - a wand of scattershot (3/9)
 Q - a wand of enslavement (9/24)
 V - a wand of digging (15/24)
 X - a wand of acid (2/15)
Scrolls
 a - 2 scrolls of identify
 j - 3 scrolls of fog
 l - 15 scrolls of remove curse
 p - 3 scrolls of magic mapping
 t - 15 scrolls of teleportation
 x - 4 scrolls of recharging
 y - 3 scrolls of holy word
 C - 3 scrolls of blinking
 S - 8 scrolls of immolation
 Y - 3 scrolls of fear
Potions
 f - a potion of invisibility
 g - 8 potions of curing
 u - 3 potions of might
 E - 4 potions of agility
 K - 4 potions of brilliance
 L - 3 potions of resistance
 N - 2 potions of heal wounds
 O - 4 potions of berserk rage
 U - a potion of haste
Miscellaneous
 d - a lamp of fire (inert)
 i - 2 boxes of beasts
 w - 2 sacks of spiders
 H - a phial of floods
 T - 2 phantom mirrors
 W - a fan of gales (inert)
Comestibles
 c - 8 bread rations {@e1}


   Skills:
 + Level 13.8 Fighting
   Level 1.6 Short Blades
 - Level 16.0 Polearms
 + Level 5.8 Throwing
 + Level 13.7 Armour
 + Level 14.5 Dodging
 - Level 5.0 Stealth
 - Level 15.0 Shields
 - Level 15.0 Spellcasting
 - Level 18.2 Conjurations
 - Level 3.0 Hexes
 - Level 10.0 Charms
 + Level 8.5 Summonings
 - Level 10.0 Necromancy
 - Level 15.0 Fire Magic
 - Level 15.1 Ice Magic
 - Level 10.0 Air Magic
 - Level 10.0 Evocations


You had 2 spell levels left.
You knew the following spells:

 Your Spells              Type           Power        Failure   Level  Hunger
a - Simulacrum            Ice/Necr       #######...   10%         6    ###....
b - Orb of Destruction    Conj           #######...   1%          7    #####..
c - Spellforged Servitor  Conj/Summ      #######...   9%          7    #####..
d - Sticky Flame          Conj/Fire      #######.     1%          4    None
e - Fireball              Conj/Fire      #######...   1%          5    None
f - Delayed Fireball      Conj/Fire      N/A          2%          7    #####..
g - Freezing Cloud        Conj/Ice/Air   #######...   1%          6    ###....
h - Bolt of Draining      Conj/Necr      #######...   1%          5    None
i - Summon Butterflies    Summ           ######..     1%          1    None
j - Regeneration          Chrm/Necr      ######....   1%          3    None
k - Spectral Weapon       Hex/Chrm       ######..     1%          3    None
m - Repel Missiles        Chrm/Air       ######       1%          2    None
z - Animate Skeleton      Necr           N/A          1%          1    None


Dungeon Overview and Level Annotations

Branches:
Dungeon (15/15)            Temple (1/1) D:6            Lair (6/6) D:8
 Shoals (4/4) Lair:3        Snake (4/4) Lair:3        Slime (0/5) Lair:5
    Orc (2/2) D:9             Elf (3/3) Orc:2        Vaults (4/5) D:13
  Crypt (0/3) Vaults:3     Depths (5/5) D:15            Zot (5/5) Depths:5

Altars:
Ashenzari
Cheibriados
Dithmenos
Elyvilon
Fedhas
Gozag
Hepliaklqana
Kikubaaqudgha
Makhleb
Nemelex Xobeh
Okawaru
Qazlal
Ru
Sif Muna
Trog
Uskayaw
Vehumet
Xom
Yredelemnul
Zin
The Shining One

Shops:
D:8 :[!*?   Orc:1 }   Orc:2 [[:?   Snake:3 *=   Depths:1 [   Depths:5 *

Portals:
Hell: Depths:1 Depths:2 Depths:3 Depths:4 Depths:5
Abyss: Depths:1 Depths:4 Depths:5
Pandemonium: Depths:1 Depths:3 Depths:5
Ziggurat: Depths:5

Annotations:
D:14 exclusion: 2 downstairs
Lair:5 exclusion: downstairs
Shoals:3 exclusion: 2 downstairs
Orc:1 exclusion: downstairs
Elf:1 exclusion: downstairs
Elf:2 3 runed doors, exclusion: downstairs
Zot:2 exclusion: 2 downstairs
Zot:5 exclusions: orb of fire and 3 more exclusions
Abyss:1 Frances, Gastronok


Innate Abilities, Weirdness & Mutations

You have a short attention span.
You have an uncanny sense of smell.
You have a beak for a mouth.
You have large cloven feet.
You have a pair of horns on your head.
You are partially covered in large bone plates. (SH +4)
You are partially covered in yellow scales. (AC +2)
Your skin changes colour to match your surroundings (Stealth+).
Armour fits poorly on your strangely shaped body.
You are frail. (-10% HP)
You are resistant to hostile enchantments. (MR+)
Potions are less effective at restoring your health.
You expend magic power (3 MP) to strengthen your wands.


Message History

Your spellforged servitor launches a ball of destructive magic.
The wavering orb of destruction weakly hits the red draconian annihilator.
The red draconian annihilator is blown up!
Vehumet accepts your kill.
The white draconian shifter gestures at your soldier ant while chanting.
Your soldier ant blinks!
Your worker ant bites the black draconian but does no damage.
Evoke which item? (* to show all) (? for menu, Esc to quit)
You reach into the bag... ...and things crawl out!
The yellow draconian knight is caught in a web!
The black draconian evades a web.
The now-empty bag unravels in your hand.
The yellow draconian knight burns!
The black draconian burns!
Your redback bites the yellow draconian knight but does no damage. x2
Your soldier ant is engulfed in roaring flames.
The black draconian breathes lightning at you.
The bolt of lightning hits you!
* * * LOW HITPOINT WARNING * * *
The bolt of lightning hits you!
You die...

*,,,.................◙ ◙◙...↑.
*,,,...§§............◙ ◙.....
*,,,...§§a.......q...◙ ◙◙.....
*,,,.....§...........◙ ◙......
*,,,....§§§....^..(..◙ ◙◙......
*,,,...§§.§..↑.......◙◙◙.......
**,,...§..§.ss8as...◙◙◙...◙◙◙◙◙
**,.....§..sqdq...◙◙....◙◙
**......(§.↑@qa......◙◙◙
*◘.....◙◙◘◘◘◘◙◘◘◘◘◘◘◙
**......,,,,,,,,,****
**,...q.,,,,,,,,,,,,,***
**,,.....,,,,,,,,,,,,,,,**
*,,,....,,,,,,,,,,,,,{,,,* ****
*,,,....,,,,{,,,,,,,,,,,,***,,,
**,,,,{,,,,,,,,,,,,,,,{,,**,,,,
**,,,,,,,,,,,,,,,,,,,,,,*,,,,,


You could see 2 draconians, a black draconian (burning), a white draconian
shifter, a red draconian annihilator, a friendly spellforged servitor, 2
friendly soldier ants, 4 friendly redbacks and a friendly worker ant.

Vanquished Creatures
  5 orbs of fire
  2 ancient liches
  3 juggernauts
  The ghost of Implojin the Slayer, a veteran CyCK of Xom (Zot:5)
  Bai Suzhen (Vaults:4)
  Vashnia (Snake:4)
  Saint Roka (Vaults:1)
  A curse toe (Zot:2)
  2 caustic shrikes (Depths:4)
  8 golden dragons
  Nikola (Elf:3)
  An electric golem (Zot:2)
  4 liches
  Rupert (D:14)
  7 tentacled monstrosities
  3 titans
  3 deep elf master archers (Elf:3)
  8 Orb Guardians (Zot:5)
  A deep elf blademaster (Elf:3)
  Asterion (Vaults:1)
  5 quicksilver dragons
  2 sphinxes
  A tentacled starspawn (Abyss:2)
  Polyphemus (Shoals:3)
  A death cob (Zot:2)
  7 storm dragons
  2 tengu reavers (Depths:2)
  Ilsuiw (Shoals:4)
  8 nagarajas
  2 draconian monks (Zot:1)
  12 fire giants
  9 shadow dragons
  An iron dragon (Depths:4)
  Donald (Snake:2)
  16 frost giants
  An orc warlord (Orc:2)
  A balrug (Depths:1)
  9 deep elf sorcerers
  12 vault wardens
  2 draconian shifters (Zot:4)
  3 ghost moths
  2 draconian scorchers
  A cacodemon (Abyss:3)
  Louise (Snake:4)
  A draconian stormcaller (Depths:5)
  6 deep elf elementalists
  7 ironheart preservers
  A draconian annihilator (Depths:5)
  A spriggan defender (Depths:3)
  21 very ugly things
  2 ophanim (Abyss:3)
  21 stone giants
  6 green draconians
  5 deep elf demonologists (Elf:3)
  2 vampire knights
  4 deep elf annihilators (Elf:3)
  5 red draconians
  5 purple draconians
  3 white draconians
  2 spark wasps
  8 ettins
  6 yellow draconians
  4 black draconians
  Snorg (Lair:5)
  7 merfolk javelineers
  4 deep elf death magi
  Josephine (Lair:5)
  14 yaktaur captains
  7 deep elf high priests (Elf:3)
  Fannar (D:11)
  18 ogre magi
  9 fire dragons
  5 great orbs of eyes
  20 vault guards
  9 merfolk impalers
  5 ice dragons
  A hydra (shapeshifter) (Depths:2)
  Harold (D:12)
  6 rakshasas
  17 naga warriors
  6 anacondas
  A catoblepas (Lair:6)
  7 centaur warriors
  5 spriggan air magi
  An alligator snapping turtle (Shoals:4)
  7 hydras
  4 merfolk avatars
  43 two-headed ogres
  3 hell hogs (Abyss:3)
  The ghost of kazak the Basher, a novice CyGl of Cheibriados (D:9)
  11 deep troll shamans
  8 merfolk aquamancers
  11 dancing weapons
  3 satyrs
  9 deep troll earth magi
  10 spriggan berserkers
  4 orc high priests
  5 tengu warriors
  6 death yaks
  Sonja (D:11)
  2 vampire magi
  3 thrashing horrors
  15 naga sharpshooters
  6 hell knights
  12 shock serpents
  11 deep elf knights
  4 wretched stars
  3 sun demons
  A shadow wraith (Vaults:4)
  A titan skeleton (Vaults:4)
  11 salamander mystics
  9 iron trolls
  2 cherubim (Abyss:3)
  15 sea snakes
  2 flayed ghosts
  6 skeletal warriors
  A torturous demonspawn (Depths:5)
  19 deep trolls
  8 glowing orange brains
  13 deep elf archers
  3 unseen horrors
  11 wizards
  An unseen horror (shapeshifter) (Vaults:4)
  14 ironbrand convokers
  7 naga ritualists
  9 necromancers
  12 harpies
  4 orc sorcerers (Orc:2)
  An orb spider (shapeshifter) (Vaults:3)
  9 orc knights
  6 mana vipers
  2 wolf spiders
  47 ugly things
  59 deep elf magi
  A fire giant zombie (D:15)
  A human zombie (Vaults:2)
  9 moths of wrath
  16 manticores
  19 fauns
  2 cyclopes
  2 fire giant skeletons
  30 salamanders
  2 guardian serpents (shapeshifter)
  12 elephants
  An ice statue (IceCv)
  5 guardian serpents
  A black mamba (shapeshifter) (Depths:1)
  2 water nymphs (Shoals:4)
  A frost giant skeleton (Depths:1)
  An eye of devastation (Vaults:4)
  An orange demon (Abyss:1)
  A spiny frog (shapeshifter) (Depths:4)
  27 black mambas
  14 merfolk sirens
  8 spiny frogs
  28 naga magi
  15 vault sentinels
  2 gargoyles
  The ghost of TwoGrow the Sneak, a novice CyAs (D:5)
  4 smoke demons
  A torpor snail (Lair:4)
  A yaktaur zombie (D:15)
  5 spectral swamp worms
  A storm dragon simulacrum (Vaults:4)
  7 large abominations
  A rime drake (Lair:3)
  A hellion (Depths:5)
  A kobold demonologist (D:13)
  14 komodo dragons
  8 tengu conjurers
  A freezing wraith (D:14)
  63 yaktaurs
  5 hellwings (Abyss:3)
  6 trolls
  A queen bee (shapeshifter) (Vaults:1)
  An ancient zyme (Abyss:3)
  2 meliai (D:11)
  A meliai (shapeshifter) (Depths:2)
  24 polar bears
  A wind drake (shapeshifter) (Vaults:2)
  2 hornets (shapeshifter) (Depths:2)
  3 raiju (Abyss:3)
  41 merfolk
  8 hornets
  19 slime creatures
  5 wind drakes
  8 snapping turtles
  3 dream sheep (Shoals:3)
  9 hippogriffs
  24 blink frogs
  A fire dragon zombie (Depths:1)
  A vampire (D:12)
  A redback (shapeshifter) (Vaults:1)
  12 spriggans
  14 water elementals
  59 yaks
  7 air elementals
  9 wraiths
  5 ynoxinuls
  A hog (shapeshifter) (Depths:2)
  4 wyverns
  A steam dragon (D:9)
  2 fire elementals
  A golden eye (Abyss:2)
  A chaos spawn (Abyss:3)
  2 neqoxecs
  7 vampire mosquitoes
  2 basilisks (D:15)
  2 tengu zombies
  A hungry ghost (D:11)
  A swamp worm (shapeshifter) (Depths:5)
  10 wargs
  52 nagas
  A soldier ant (D:14)
  2 acid dragons
  11 water moccasins
  Duvessa (D:5)
  2 floating eyes
  A swamp drake (shapeshifter) (Depths:4)
  9 porcupines
  46 orc warriors
  4 sky beasts
  A black bear (shapeshifter) (Vaults:1)
  10 black bears
  An ice dragon simulacrum (Abyss:3)
  2 elf zombies
  An eye of draining (shapeshifter) (Depths:2)
  4 ice beasts
  2 eyes of draining
  A phantom (D:4)
  6 starcursed masses
  23 boggarts
  47 ogres
  A boggart (shapeshifter) (Vaults:3)
  24 wolves
  21 centaurs
  13 crocodiles
  2 big kobolds
  23 bullfrogs
  A gnoll sergeant (D:9)
  Dowan (D:5)
  An earth elemental (Elf:3)
  2 wyvern zombies (D:13)
  7 scorpions
  A water moccasin skeleton (D:7)
  4 small abominations
  An elf simulacrum (Vaults:4)
  7 killer bees
  10 wights
  5 electric eels (Snake:2)
  A howler monkey (D:13)
  3 crimson imps
  A bullfrog zombie (D:11)
  2 quasits
  A yaktaur simulacrum (Vaults:1)
  4 centaur zombies
  4 hounds
  30 orc wizards
  25 orc priests
  7 jellies
  3 centaur skeletons
  5 bullfrog skeletons
  2 hell rats (Lair:2)
  Ijyb (D:2)
  3 iguanas
  8 worker ants
  A killer bee zombie (D:7)
  2 hound zombies
  A hound skeleton (D:10)
  2 worker ant zombies
  7 gnolls
  A howler monkey skeleton (D:6)
  9 river rats (Lair:2)
  13 adders
  5 shadow imps
  An ooze (Lair:5)
  An adder skeleton (D:5)
  5 worms
  2 dart slugs (D:3)
  6 leopard geckos
  89 orcs
  6 giant cockroaches
  8 hobgoblins
  6 jackals
  3 quokkas
  2 ball pythons
  4 bats
  2 frilled lizards (D:3)
  5 goblins
  20 kobolds
  2 leopard gecko skeletons (D:5)
  A quokka zombie (D:7)
  7 rats
  A spectral orc (D:3)
  3 crawling corpses (Elf:3)
  2 fungi (Depths:4)
  11 plants
  12 spectral weapons
  2 tentacles (Shoals:2)
2177 creatures vanquished.

Vanquished Creatures (collateral kills)
  2 orbs of fire (Zot:5)
  A juggernaut (Depths:4)
  A curse toe (Zot:2)
  A golden dragon (Vaults:4)
  2 Orb Guardians (Zot:5)
  2 tentacled monstrosities
  A titan (Depths:4)
  A kraken (Shoals:2)
  2 shadow dragons
  Roxanne (Snake:1)
  A nagaraja (Snake:4)
  2 frost giants (Depths:4)
  A fire giant (Depths:3)
  An angel (Abyss:3)
  A draconian annihilator (Zot:5)
  A spriggan defender (Depths:4)
  3 very ugly things
  An ettin (Depths:4)
  A merfolk impaler (Shoals:4)
  A deep elf high priest (Depths:4)
  2 hydras
  The ghost of tony the Arsonist, a journeyman CyFE of Sif Muna (IceCv)
  2 centaur warriors (D:15)
  2 naga warriors (Snake:4)
  A death yak (Shoals:3)
  A deep troll shaman (Depths:4)
  A hell hog (Abyss:3)
  A shock serpent (Snake:3)
  2 naga sharpshooters
  A deep elf knight (Elf:2)
  A sixfirhy (Abyss:3)
  3 spiny frogs
  An unseen horror (Vaults:1)
  2 sea snakes
  An orc knight (Orc:2)
  2 harpies
  4 ugly things
  5 salamanders
  A mana viper (Snake:1)
  A faun (Shoals:1)
  A moth of wrath (Zot:5)
  5 elephants
  3 black mambas
  4 smoke demons (Abyss:3)
  3 orange demons (Abyss:3)
  3 naga magi
  3 komodo dragons (Lair:6)
  2 polar bears
  2 wind drakes (Shoals:4)
  2 hornets
  3 merfolk
  A troll (Orc:2)
  2 snapping turtles (Shoals:1)
  2 blink frogs
  5 hippogriffs
  A shadow (D:15)
  3 spriggans
  2 water elementals
  A vampire (D:13)
  5 yaks
  2 vampire mosquitoes (D:15)
  3 nagas
  4 water moccasins
  A black bear (Lair:1)
  2 ogres
  2 orc warriors (Orc:2)
  5 wolves
  A boggart (Lair:6)
  2 centaurs
  A big kobold (D:9)
  5 crocodiles
  7 bullfrogs
  A small abomination (Abyss:3)
  A wight (D:15)
  2 crimson imps
  6 jellies (Lair:5)
  A worker ant (D:14)
  A gnoll (D:9)
  An adder (D:11)
  2 ufetubi (Abyss:3)
  An ooze (Lair:5)
  5 orcs
  2 jackals (D:8)
  3 butterflies (Lair:4)
  3 fungi
  2 plants
181 creatures vanquished.

Vanquished Creatures (others)
  A Killer Klown (Zot:5)
  A deep elf blademaster (Elf:3)
  2 sphinxes
  A tengu reaver (Depths:2)
  3 frost giants
  2 vault wardens
  3 ironheart preservers
  A juggernaut skeleton (D:15)
  2 stone giants
  A very ugly thing (Vaults:4)
  Nessos (D:12)
  A purple draconian (Depths:5)
  A spark wasp (Depths:2)
  A merfolk javelineer (Shoals:4)
  A fire dragon (Depths:4)
  An ettin (Depths:2)
  2 merfolk impalers (Shoals:4)
  3 great orbs of eyes
  2 vault guards
  2 naga warriors (Snake:1)
  A yaktaur captain (Depths:4)
  A deep elf high priest (Elf:3)
  2 ice dragons
  A catoblepas (Shoals:3)
  A two-headed ogre (Vaults:4)
  An ogre mage (Vaults:4)
  A naga sharpshooter (Snake:4)
  2 spriggan berserkers
  A soul eater (Depths:5)
  A fire crab (shapeshifter) (Vaults:2)
  A skeletal warrior (D:15)
  A deep troll (Depths:3)
  A sea snake (Shoals:1)
  An unseen horror (Vaults:1)
  An ironbrand convoker (Vaults:2)
  2 deep elf archers
  2 orc knights (Vaults:1)
  2 deep elf magi
  An orc sorcerer (Vaults:4)
  2 fauns (Shoals:2)
  An ugly thing (Vaults:2)
  A cyclops (Vaults:2)
  3 manticores
  A fire giant skeleton (Vaults:4)
  A centaur skeleton (D:13)
  A vault sentinel (Vaults:2)
  6 yaktaurs
  3 merfolk
  2 hornets
  2 polar bears
  A blink frog (Lair:1)
  An ettin zombie (Vaults:2)
  A slime creature (Vaults:1)
  A water elemental (Shoals:1)
  A wraith (Vaults:1)
  A shadow (D:8)
  A fire elemental (Elf:1)
  2 yaks
  A basilisk (D:11)
  2 nagas
  A water moccasin (Lair:5)
  A floating eye (Depths:4)
  A boggart (Depths:4)
  2 centaurs (D:15)
  A crocodile (Lair:2)
  2 human zombies (Vaults:2)
  2 bullfrogs
  An earth elemental (Elf:3)
  A howler monkey (D:9)
  A bullfrog zombie (D:7)
  A jelly (Lair:5)
  An orc priest (D:10)
  2 worker ants
  A worker ant zombie (D:8)
  An orc (D:11)
  16 fungi
  24 plants
  33 spectral weapons
  2 starspawn tentacles (Abyss:3)
  6 tentacles (Shoals:2)
  2 withered plants (D:15)
193 creatures vanquished.

Grand Total: 2551 creatures vanquished

Notes
Turn   | Place    | Note
-------+----------+-------------------------------------------
     0 | D:1      | shpingle the Cyno Fire Elementalist began the quest for the Orb.
     0 | D:1      | Reached XP level 1. HP: 13/13 MP: 4/4
     0 | D:1      | 0 ||| counter = 1
   458 | D:1      | Reached XP level 2. HP: 22/22 MP: 0/6
  1527 | D:2      | Noticed Ijyb
  1542 | D:2      | Reached XP level 3. HP: 26/27 MP: 4/8
  1892 | D:2      | Killed Ijyb
  1892 | D:2      | Reached skill level 2 in Conjurations
  2062 | D:3      | Found a hazy altar of Hepliaklqana.
  2213 | D:3      | Learned a level 2 spell: Throw Flame
  2217 | D:3      | Learned a level 3 spell: Conjure Flame
  2228 | D:3      | Reached XP level 4. HP: 32/33 MP: 6/10
  2422 | D:3      | Found a glowing silver altar of Zin.
  2731 | D:3      | Reached skill level 3 in Conjurations
  2889 | D:3      | Reached skill level 3 in Stealth
  3039 | D:3      | Found a basalt altar of Yredelemnul.
  3108 | D:4      | Found a burning altar of Makhleb.
  3130 | D:4      | Reached XP level 5. HP: 38/38 MP: 7/11
  3238 | D:4      | Noticed an ogre
  3246 | D:4      | Killed an ogre
  3246 | D:4      | Reached skill level 4 in Conjurations
  3387 | D:4      | Noticed an ogre
  3396 | D:4      | Killed an ogre
  3396 | D:4      | Reached XP level 6. HP: 29/45 MP: 9/12
  3534 | D:4      | Learned a level 4 spell: Sticky Flame
  3555 | D:4      | Reached skill level 3 in Dodging
  4127 | D:5      | Entered Level 5 of the Dungeon
  4142 | D:5      | Noticed TwoGrow's ghost (novice CyAs)
  4501 | D:5      | Reached skill level 5 in Conjurations
  4597 | D:5      | Reached skill level 6 in Fire Magic
  4597 | D:5      | Reached XP level 7. HP: 51/51 MP: 5/13
  4880 | D:5      | Reached skill level 3 in Fighting
  4880 | D:5      | Reached skill level 3 in Polearms
  5000 | D:5      | Noticed a wyvern
  5005 | D:5      | Killed a wyvern
  5088 | D:5      | Killed TwoGrow's ghost
  5088 | D:5      | Reached skill level 3 in Evocations
  5195 | D:5      | Reached skill level 6 in Conjurations
  5232 | D:5      | Noticed Duvessa
  5240 | D:5      | Reached XP level 8. HP: 58/60 MP: 11/14
  5245 | D:5      | Noticed Dowan
  5245 | D:5      | Killed Duvessa
  5251 | D:5      | Killed Dowan
  6788 | D:6      | Learned a level 5 spell: Fireball
  6790 | D:6      | Learned a level 1 spell: Animate Skeleton
  6847 | D:6      | Gained mutation: You have a beak for a mouth. [mutagenic meat]
  6848 | D:6      | Gained mutation: You have large cloven feet. [mutagenic meat]
  7046 | D:6      | Gained mutation: You are partially covered in large bone plates. (SH +4) [mutagenic meat]
  7146 | D:6      | Found a staircase to the Ecumenical Temple.
  7155 | Temple   | Entered the Ecumenical Temple
  7439 | Temple   | Became a worshipper of Vehumet
  7521 | D:6      | Reached skill level 3 in Throwing
  7818 | D:6      | Reached XP level 9. HP: 66/66 MP: 0/16
  7969 | D:6      | Found a snail-covered altar of Cheibriados.
  7974 | D:6      | Found an opulent altar of Gozag.
  8171 | D:7      | Reached skill level 7 in Conjurations
  8627 | D:7      | Reached * piety under Vehumet
  8627 | D:7      | Offered knowledge of Magic Dart by Vehumet.
  8972 | D:8      | Found Niaj's Magic Scroll Boutique.
  8980 | D:8      | Bought a scroll of enchant armour for 112 gold pieces
  9046 | D:8      | Noticed a manticore
  9076 | D:8      | Killed a manticore
  9081 | D:8      | Learned a level 3 spell: Vampiric Draining
  9101 | D:8      | Found Muhegid's Assorted Antiques.
  9108 | D:8      | Bought an orange potion for 22 gold pieces
  9256 | D:8      | Found Beil's Book Boutique.
  9284 | D:8      | Noticed a two-headed ogre
  9310 | D:8      | Killed a two-headed ogre
  9310 | D:8      | Reached skill level 6 in Spellcasting
  9483 | D:8      | Found a staircase to the Lair.
  9750 | D:8      | Reached XP level 10. HP: 74/74 MP: 12/19
  9828 | D:8      | Reached skill level 8 in Conjurations
  9940 | D:8      | Found Nanoch's Armour Shop.
 10114 | D:8      | Reached skill level 3 in Armour
 10278 | D:8      | Found Zeun's Distillery.
 10283 | D:8      | Bought a potion of might for 44 gold pieces
 10283 | D:8      | Bought a potion of berserk rage for 55 gold pieces
 10283 | D:8      | Bought a potion of heal wounds for 55 gold pieces
 10436 | D:9      | Reached skill level 3 in Necromancy
 10549 | D:9      | Reached skill level 6 in Polearms
 10601 | D:9      | Found a staircase to the Orcish Mines.
 11040 | D:9      | Reached skill level 9 in Fire Magic
 11045 | D:9      | Reached skill level 6 in Dodging
 11052 | D:9      | Noticed kazak's ghost (novice CyGl)
 11103 | D:9      | Killed kazak's ghost
 11436 | D:9      | Offered knowledge of Sting by Vehumet.
 11437 | D:9      | Reached ** piety under Vehumet
 11541 | D:9      | Found a sparkling altar of Nemelex Xobeh.
 11560 | D:9      | Found an iron altar of Okawaru.
 11571 | D:9      | Found a shimmering altar of Xom.
 11574 | D:9      | Found a bloodstained altar of Trog.
 12122 | D:9      | Learned a level 1 spell: Sting
 12299 | Lair:1   | Entered Level 1 of the Lair of Beasts
 12481 | Lair:1   | Reached skill level 9 in Conjurations
 12512 | Lair:1   | Offered knowledge of Ignite Poison by Vehumet.
 12700 | Lair:1   | Gained mutation: You have a very good sense of smell. [Cyno growth]
 12700 | Lair:1   | Reached XP level 11. HP: 79/79 MP: 6/21
 13636 | Lair:1   | Learned a level 3 spell: Call Canine Familiar
 14109 | Lair:2   | Noticed an eight-headed hydra
 14116 | Lair:2   | Killed an eight-headed hydra
 14622 | Lair:2   | Reached *** piety under Vehumet
 14665 | Lair:2   | Identified a scroll of acquirement
 15015 | Lair:2   | Reached skill level 10 in Conjurations
 15248 | Lair:2   | Reached skill level 3 in Summonings
 15999 | Lair:2   | Offered knowledge of Airstrike by Vehumet.
 16373 | Lair:3   | Found a staircase to the Shoals.
 16375 | Lair:3   | Noticed a seven-headed hydra
 16393 | Lair:3   | Killed a seven-headed hydra
 16418 | Lair:3   | HP: 3/79 [spiny frog (23)]
 16419 | Lair:3   | Killed a spiny frog
 16797 | Lair:3   | note to self, don't stand around next to an enslaved spiny frog
 16952 | Lair:3   | Found a staircase to the Snake Pit.
 17005 | Lair:3   | Noticed Gastronok
 17028 | Lair:3   | Banished Gastronok
 17028 | Lair:3   | Reached XP level 12. HP: 59/86 MP: 2/24
 17206 | Lair:3   | Reached **** piety under Vehumet
 17212 | Lair:3   | Offered knowledge of Lightning Bolt by Vehumet.
 17630 | Lair:3   | Noticed a seven-headed hydra
 17636 | Lair:3   | Killed a seven-headed hydra
 18025 | Lair:1   | Reached skill level 9 in Dodging
 18025 | Lair:1   | Reached skill level 9 in Spellcasting
 18103 | D:8      | Bought a +2 pair of boots of stealth for 301 gold pieces
 18565 | Lair:4   | Learned a level 4 spell: Summon Ice Beast
 19125 | Lair:4   | Noticed a five-headed hydra
 19125 | Lair:4   | Reached skill level 9 in Polearms
 19134 | Lair:4   | Killed a five-headed hydra
 19138 | Lair:4   | Reached skill level 11 in Conjurations
 19325 | Lair:4   | Reached skill level 3 in Ice Magic
 19588 | Lair:4   | Learned a level 2 spell: Repel Missiles
 20046 | Lair:5   | Found a sparkling altar of Nemelex Xobeh.
 20187 | Lair:5   | Noticed Josephine
 20198 | Lair:5   | Killed Josephine
 20198 | Lair:5   | Reached XP level 13. HP: 70/91 MP: 3/26
 20431 | Lair:5   | Noticed Snorg
 20444 | Lair:5   | Killed Snorg
 20726 | Lair:5   | Reached ***** piety under Vehumet
 20743 | Lair:5   | Offered knowledge of Bolt of Draining by Vehumet.
 20743 | Lair:5   | Reached skill level 3 in Charms
 20780 | Lair:5   | Found a staircase to the Slime Pits.
 20942 | Lair:5   | Learned a level 5 spell: Bolt of Draining
 21256 | Lair:6   | Entered Level 6 of the Lair of Beasts
 21457 | Lair:5   | Reached skill level 3 in Air Magic
 22754 | Lair:6   | Paralysed by a hornet for 3 turns
 22773 | Lair:6   | Reached skill level 6 in Fighting
 24481 | Lair:6   | Offered knowledge of Orb of Destruction by Vehumet.
 24789 | D:10     | Entered Level 10 of the Dungeon
 25124 | D:10     | Reached XP level 14. HP: 101/101 MP: 13/28
 25233 | D:10     | Learned a level 7 spell: Orb of Destruction
 25650 | D:11     | Noticed Sonja
 25670 | D:11     | Killed Sonja
 25707 | D:11     | Gained mutation: You are resistant to hostile enchantments. (MR+) [mutagenic meat]
 25953 | D:11     | Noticed Fannar
 25982 | D:11     | Killed Fannar
 26421 | D:12     | Reached skill level 6 in Evocations
 26591 | D:12     | Noticed Frances
 26784 | D:12     | You fall through a shaft for 3 floors!
 26784 | D:15     | Entered Level 15 of the Dungeon
 27069 | D:15     | Reached skill level 12 in Conjurations
 28214 | D:14     | Reached skill level 12 in Fire Magic
 28299 | D:13     | Found a gate to the Vaults.
 28753 | D:13     | Offered knowledge of Bolt of Fire by Vehumet.
 29109 | D:12     | Noticed Harold
 29118 | D:12     | Killed Harold
 29700 | D:12     | Noticed Nessos
 29722 | D:12     | Killed Nessos
 30284 | D:13     | Gained mutation: Your skin changes colour to match your surroundings (Stealth+). [mutagenic meat]
 31477 | D:14     | Noticed Rupert
 31508 | D:14     | Killed Rupert
 31551 | D:14     | Reached skill level 6 in Summonings
 31801 | D:14     | Reached XP level 15. HP: 34/110 MP: 8/29
 32774 | D:15     | Reached skill level 13 in Conjurations
 32935 | D:15     | Reached skill level 6 in Armour
 32957 | D:15     | Found a staircase to the Depths.
 33372 | D:14     | Offered knowledge of Lee's Rapid Deconstruction by Vehumet.
 33451 | D:12     | Banished Frances
 33553 | D:10     | Learned a level 7 spell: Delayed Fireball
 33671 | Orc:1    | Entered Level 1 of the Orcish Mines
 33915 | Orc:1    | Found Naodah's Gadget Emporium.
 33943 | Orc:1    | Found a frozen archway.
 33952 | IceCv    | Entered an ice cave
 34458 | IceCv    | Gained mutation: You have a pair of small horns on your head. [potion of beneficial mutation]
 34459 | IceCv    | Gained mutation: You are partially covered in yellow scales. (AC +2) [potion of beneficial mutation]
 34460 | IceCv    | Gained mutation: You have a pair of horns on your head. [potion of beneficial mutation]
 35010 | IceCv    | Noticed tony's ghost (journeyman CyFE)
 35025 | IceCv    | Killed tony's ghost
 35641 | Orc:1    | Found a bloodstained altar of Trog.
 35712 | Orc:2    | Entered Level 2 of the Orcish Mines
 35724 | Orc:2    | Found a staircase to the Elven Halls.
 36084 | Orc:1    | Offered knowledge of Ozocubu's Refrigeration by Vehumet.
 36615 | Orc:2    | Reached skill level 9 in Fighting
 36621 | Orc:2    | Found Ublouv's Armour Shop.
 36621 | Orc:2    | Found Rirch's Magic Scroll Shoppe.
 36630 | Orc:2    | Found Geiruvug's Antique Armour Shop.
 36630 | Orc:2    | Found Ijisoytu's Book Shoppe.
 36708 | Orc:2    | Bought a scroll of enchant weapon for 120 gold pieces
 36708 | Orc:2    | Bought a scroll of teleportation for 48 gold pieces
 37305 | Orc:2    | Bought a transparent leather armour for 182 gold pieces
 37305 | Orc:2    | Bought an ancient leather armour for 182 gold pieces
 37315 | Orc:2    | Identified the +1 leather armour of Inevitability {rPois SInv} (You bought it in a shop on level 2 of the Orcish Mines)
 37325 | Orc:2    | Identified the +1 leather armour "Vaeq" {MR+ Int+2} (You bought it in a shop on level 2 of the Orcish Mines)
 37335 | Orc:2    | Bought a scroll of identify for 32 gold pieces
 37335 | Orc:2    | Bought a scroll of teleportation for 48 gold pieces
 37335 | Orc:2    | Bought a scroll of identify for 32 gold pieces
 37487 | D:8      | Bought 2 potions of heal wounds for 110 gold pieces
 37487 | D:8      | Bought a potion of heal wounds for 55 gold pieces
 37586 | Snake:1  | Entered Level 1 of the Snake Pit
 38074 | Snake:1  | Noticed Roxanne
 38082 | Snake:1  | Killed Roxanne
 38089 | Snake:1  | Identified Roxanne's Reference Book on Earth (You took it off Roxanne on level 1 of the Snake Pit)
 38934 | Snake:1  | Reached skill level 14 in Conjurations
 39369 | Snake:1  | Reached XP level 16. HP: 104/120 MP: 31/31
 40601 | Snake:2  | Reached skill level 12 in Polearms
 40607 | Snake:2  | Noticed Donald
 40609 | Snake:2  | Killed Donald
 40760 | Snake:2  | Offered knowledge of Bolt of Cold by Vehumet.
 42049 | Snake:2  | Reached skill level 12 in Spellcasting
 43404 | Snake:3  | Learned a level 6 spell: Bolt of Cold
 43410 | Snake:3  | Found Tieguadupt's General Store.
 43443 | Snake:3  | Bought a scroll of teleportation for 33 gold pieces
 43685 | Snake:3  | Found a basalt altar of Yredelemnul.
 43717 | Snake:3  | Found Tefat's Jewellery Boutique.
 43753 | Snake:3  | Bought a +5 ring of evasion for 660 gold pieces
 44312 | Snake:4  | Entered Level 4 of the Snake Pit
 45106 | Snake:4  | Noticed Vashnia
 45123 | Snake:4  | Reached ****** piety under Vehumet
 45135 | Snake:4  | Reached skill level 6 in Ice Magic
 45136 | Snake:4  | Noticed Louise
 45138 | Snake:4  | Offered knowledge of Freezing Cloud by Vehumet.
 45549 | Snake:4  | Killed Vashnia
 45549 | Snake:4  | Reached XP level 17. HP: 98/128 MP: 12/34
 45829 | Snake:4  | Reached skill level 14 in Fire Magic
 46006 | Snake:4  | Reached skill level 15 in Conjurations
 47051 | Snake:4  | Killed Louise
 47404 | Snake:4  | Learned a level 6 spell: Freezing Cloud
 47716 | Snake:4  | Got a serpentine rune of Zot
 47727 | Snake:4  | Reached skill level 6 in Necromancy
 48168 | Shoals:1 | Entered Level 1 of the Shoals
 49277 | Shoals:2 | Offered knowledge of Lehudib's Crystal Spear by Vehumet.
 49277 | Shoals:2 | Offered knowledge of Glaciate by Vehumet.
 49277 | Shoals:2 | Offered knowledge of Tornado by Vehumet.
 50106 | Shoals:3 | Noticed Polyphemus
 50117 | Shoals:3 | Killed Polyphemus
 50117 | Shoals:3 | Reached skill level 9 in Armour
 50178 | Shoals:3 | Reached XP level 18. HP: 79/134 MP: 6/35
 50689 | Shoals:3 | Reached skill level 14 in Spellcasting
 51498 | Shoals:4 | Entered Level 4 of the Shoals
 52698 | Shoals:4 | Noticed Ilsuiw
 52877 | Shoals:4 | Killed Ilsuiw
 53335 | Shoals:4 | Got a barnacled rune of Zot
 53716 | Shoals:4 | Reached skill level 14 in Polearms
 54059 | Shoals:1 | Reached skill level 9 in Necromancy
 54234 | D:8      | Bought a weird jewelled staff for 300 gold pieces
 54234 | D:8      | Bought a scroll of enchant armour for 187 gold pieces
 54724 | Elf:1    | Entered Level 1 of the Elven Halls
 55899 | Elf:2    | inventory MONSTER
 55953 | Elf:2    | Found a runed gate.
 55953 | Elf:2    | Found a runed gate.
 55954 | Elf:2    | Found a runed gate.
 56309 | Elf:2    | Learned a level 3 spell: Regeneration
 56313 | Elf:2    | Learned a level 3 spell: Spectral Weapon
 56324 | Elf:2    | Reached XP level 19. HP: 136/140 MP: 38/38
 57180 | Elf:2    | Learned a level 6 spell: Simulacrum
 57325 | Elf:3    | Entered Level 3 of the Elven Halls
 58298 | Vaults:1 | Entered Level 1 of the Vaults
 58391 | Vaults:1 | Noticed Asterion
 58412 | Vaults:1 | Killed Asterion
 58412 | Vaults:1 | Reached skill level 6 in Air Magic
 58417 | Vaults:1 | Identified the cursed +0 shield "Daapn" {Dex+5} (You took it off Asterion on level 1 of the Vaults)
 58981 | Vaults:1 | Reached skill level 9 in Ice Magic
 59097 | Vaults:1 | Noticed Saint Roka
 59736 | Vaults:1 | Killed Saint Roka
 60597 | Vaults:2 | Got a heavily runed iron amulet
 61183 | Vaults:2 | Identified the amulet of Ykhot {RegenMP rN+ Int+3 Dex-3} (You took it off a yaktaur on level 2 of the Vaults)
 61220 | Vaults:2 | Reached skill level 9 in Air Magic
 63236 | Vaults:3 | Reached skill level 3 in Hexes
 63246 | Vaults:3 | Reached XP level 20. HP: 134/147 MP: 26/39
 63715 | Vaults:3 | Found a staircase to the Crypt.
 63715 | Vaults:3 | Found a basalt altar of Yredelemnul.
 63716 | Vaults:3 | Found an ancient bone altar of Kikubaaqudgha.
 65159 | Vaults:4 | Reached skill level 16 in Polearms
 65173 | Vaults:4 | Reached skill level 12 in Ice Magic
 65413 | Vaults:4 | Noticed a golden dragon
 65424 | Vaults:4 | Killed a golden dragon
 65646 | Vaults:4 | Got a shimmering bronze ring
 65731 | Vaults:4 | Identified the ring "Wafuol" {Fire Str+2 Dex+3} (You took it off a fire giant on level 4 of the Vaults)
 66889 | Vaults:4 | Noticed Bai Suzhen
 66931 | Vaults:4 | Killed Bai Suzhen
 67215 | Vaults:4 | Reached skill level 9 in Evocations
 68107 | Depths:1 | Entered Level 1 of the Depths
 68113 | Depths:1 | Reached XP level 21. HP: 123/153 MP: 40/40
 68122 | Depths:1 | Reached skill level 14 in Ice Magic
 68147 | Depths:1 | Found a glowing golden altar of the Shining One.
 68403 | Depths:1 | Found a gateway to Hell.
 68625 | Depths:1 | Found a one-way gate leading to the halls of Pandemonium.
 68650 | Depths:1 | Found Zauxaf's Antique Armour Shop.
 68667 | Depths:1 | Bought a faintly glowing robe for 188 gold pieces
 68677 | Depths:1 | Identified the +0 robe of the Beekeeper {Regen+ rCorr Slay-6} (You bought it in a shop on level 1 of the Depths)
 69063 | Depths:1 | Found a one-way gate to the infinite horrors of the Abyss.
 69065 | Depths:1 | Identified the +1 short sword of Beogh's Regard {flame, Dex+2} (You found it on level 1 of the Depths)
 69620 | Depths:2 | Identified the Almanac of Enthralling Ignition
 69895 | Depths:2 | Reached skill level 6 in Charms
 70908 | Depths:2 | Reached skill level 9 in Charms
 72585 | Depths:3 | Noticed an ancient lich
 72738 | Depths:3 | Killed an ancient lich
 72738 | Depths:3 | Gained mutation: You have an uncanny sense of smell. [Cyno growth]
 72738 | Depths:3 | Reached XP level 22. HP: 130/161 MP: 41/41
 73515 | Depths:3 | Identified the +3 leather armour of Limoex {rElec rF++ Str+3 Slay-4} (You found it on level 3 of the Depths)
 74146 | Depths:4 | Found a blossoming altar of Fedhas.
 74149 | Depths:4 | Found a sparkling altar of Nemelex Xobeh.
 74158 | Depths:4 | Found a deep blue altar of Sif Muna.
 74785 | Depths:4 | Noticed a juggernaut
 74824 | Depths:4 | Killed a juggernaut
 75196 | Depths:4 | Reached skill level 16 in Conjurations
 75875 | Depths:4 | Noticed a juggernaut
 75879 | Depths:4 | Killed a juggernaut
 75879 | Depths:4 | Reached skill level 12 in Dodging
 76072 | Depths:4 | Noticed a caustic shrike
 76089 | Depths:4 | Killed a caustic shrike
 76769 | Depths:4 | Noticed a juggernaut
 76778 | Depths:4 | Noticed a caustic shrike
 77101 | Depths:4 | Reached skill level 12 in Fighting
 77309 | Depths:4 | Killed a juggernaut
 77309 | Depths:4 | Reached XP level 23. HP: 118/171 MP: 10/42
 77586 | Depths:4 | Reached skill level 12 in Armour
 77785 | Depths:5 | Entered Level 5 of the Depths
 78277 | Depths:4 | ooooops
 79014 | Depths:5 | Found Zitsyvak's Changing Room.
 79264 | Depths:5 | Found a gateway to a ziggurat.
 79802 | Depths:5 | Reached skill level 17 in Conjurations
 80602 | Depths:5 | Found a gate to the Realm of Zot.
 80916 | Depths:3 | going to the spell pile now!
 81371 | D:10     | Learned a level 7 spell: Spellforged Servitor
 81373 | D:10     | Learned a level 1 spell: Summon Butterflies
 81713 | Elf:3    | Noticed Nikola
 83492 | Elf:3    | Noticed Mara
 83502 | Elf:3    | Noticed shpingle's illusion
 83505 | Elf:3    | Banished Mara
 83902 | Elf:3    | Killed Nikola
 85119 | Elf:3    | Got a pair of fine boots
 85130 | Elf:3    | Identified the +0 pair of boots of Soibba {MR++} (You found it on level 3 of the Elven Halls)
 85247 | Elf:3    | Identified the +1 plate armour of Enecsyki {Int+7} (You took it off a deep elf high priest on level 3 of the Elven Halls)
 86722 | Depths:5 | Reached XP level 24. HP: 180/182 MP: 42/42
 89504 | Depths:1 | Voluntarily entered the Abyss.
 89682 | Abyss:1  | Reached skill level 18 in Conjurations
 89736 | Abyss:2  | Found a corrupted altar of Lugonu.
 89854 | Abyss:2  | Reached skill level 3 in Shields
 90018 | Abyss:2  | Found a corrupted altar of Lugonu.
 90407 | Abyss:3  | Reached skill level 14 in Dodging
 90430 | Abyss:3  | Reached skill level 6 in Shields
 90448 | Abyss:3  | Found a glowing golden altar of the Shining One.
 90541 | Abyss:3  | Noticed a juggernaut
 90570 | Abyss:3  | Killed a juggernaut
 90574 | Abyss:3  | Got an abyssal rune of Zot
 90578 | Abyss:3  | Found a glowing golden altar of the Shining One.
 90617 | Abyss:3  | Got a garnet-encrusted scale mail
 90727 | Depths:1 | Escaped the Abyss
 91167 | D:8      | Bought a scroll of identify for 30 gold pieces
 91167 | D:8      | Identified the +5 scale mail of Hopscotch {rF+ Dex+6} (You found it on level 3 of the Abyss)
 91898 | Orc:1    | Bought a sack of spiders for 260 gold pieces
 92342 | Depths:1 | Bought spiked pearl dragon scales for 3415 gold pieces
 92647 | D:8      | Bought a scroll of identify for 30 gold pieces
 92647 | D:8      | Identified the +3 pearl dragon scales of Compression {*Drain rPois rN+ MP+9 Str+3} (You bought it in a shop on level 1 of the Depths)
 93154 | Zot:1    | Entered Level 1 of the Realm of Zot
 93455 | Zot:1    | Reached skill level 9 in Shields
 94752 | Zot:2    | Reached skill level 12 in Shields
 95316 | Zot:5    | Entered Level 5 of the Realm of Zot
 95316 | Zot:5    | Noticed Implojin's ghost (veteran CyCK)
 95336 | Zot:5    | Killed Implojin's ghost
 95544 | Zot:5    | Noticed an orb of fire
 95544 | Zot:5    | Noticed an orb of fire
 95545 | Zot:5    | Gained mutation: You are frail. (-10% HP) [an orb of fire]
 95683 | Zot:4    | Reached XP level 25. HP: 169/169 MP: 37/42
 95701 | Zot:4    | Noticed an orb of fire
 95715 | Zot:4    | Gained mutation: You expend magic power (3 MP) to strengthen your wands. [an orb of fire]
 95719 | Zot:4    | Killed an orb of fire
 95926 | Zot:4    | Reached skill level 14 in Shields
 96034 | Zot:5    | Killed an orb of fire
 96356 | Zot:5    | Killed an orb of fire
 96502 | Zot:5    | Noticed an orb of fire
 96518 | Zot:5    | Killed an orb of fire
 96580 | Zot:5    | Noticed an orb of fire
 96584 | Zot:5    | Gained mutation: Potions are less effective at restoring your health. [an orb of fire]
 96587 | Zot:5    | Killed an orb of fire
 96626 | Zot:5    | Noticed an orb of fire
 96638 | Zot:5    | Killed an orb of fire
 96695 | Zot:5    | Noticed an ancient lich
 96722 | Zot:5    | Noticed an orb of fire
 96722 | Zot:5    | Gained mutation: Armour fits poorly on your strangely shaped body. [an orb of fire]
 96725 | Zot:5    | Killed an ancient lich
 96739 | Zot:5    | Killed an orb of fire
 96784 | Zot:5    | Killed from afar by a black draconian

Vault maps used:
D:1:      minmay_arrival_open_corners
D:2:      hex_tiny, uniq_iyjb
D:3:      lemuel_round_altar, yredelemnul_forgotten_temple_becter,
          zin_scriptorium, minivault_25
D:4:      bloody_makhleb, first_bread, kennysheep_minor_cross
D:5:      uniq_duvessa
D:6:      minitemple, minmay_temple_entry_statues, grunt_ministairs_6
D:8:      lair_entry_dummy, serial_shops, shop_fountains, shop,
          nicolae_shop_trees, shop, kennysheep_little_box, nicolae_two_hexagons,
          grunt_ogre_cave, amethyst_killhole
D:9:      grunt_temple_overflow_open, minmay_orc_entry_guard_dogs,
          nemelex_altar_shiori
D:10:     stair_cage_wide, nrook_guardian_serpent_double
D:11:     uniq_sonja, uniq_fannar
D:12:     uniq_nessos, uniq_harold, uniq_frances
D:13:     erik_vaults_2, grunt_ministairs_9
D:14:     uniq_rupert
D:15:     gammafunk_depths_entry_grave, corexii_leaking_fountain
Temple:   hc_temple_tempest_star
Lair:1:   beast_lair_carwin_large_4
Lair:2:   kennysheep_rathole
Lair:3:   elwin_shoals_entry_rocks, guppyfry_snake_entry_garden,
          lemuel_fruit_tree, uniq_gastronok
Lair:4:   beast_lair_carwin_5, lemuel_fruit_fields
Lair:5:   minmay_slime_entry_jelly_boxes, basic_altar, uniq_snorg,
          uniq_josephine
Lair:6:   minmay_lair_end_enchanted_forest, st_stairs_9, grunt_megastairs_3,
          infiniplex_staircase_pool
Shoals:3: nicolae_shoals_dead_sea_scrolls, uniq_polyphemus
Shoals:4: shoals_end_simple, shoals_ilsuiw_ice
Snake:1:  serial_bayou_shore_b, uniq_roxanne
Snake:2:  uniq_donald
Snake:3:  serial_shops, nicolae_shop_waterfront, nicolae_shop_statue_plus,
          basic_altar, serial_bayou_shore_b
Snake:4:  snake_pit, uniq_vashnia, uniq_louise
Orc:1:    portal_ice_cave_entry_pillars_2, serial_shops, shop, trog_book
Orc:2:    grunt_orc_tribal_feast
Elf:1:    hangedman_corner_corridor, nrook_loot_triangle
Elf:3:    minmay_elf_hall_not_hex, kennysheep_underground_church, uniq_mara,
          uniq_nikola
Vaults:1: nicolae_vaults_diagonal_hallway_6, hangedman_vaults_stream, v_misc_33,
          v_misc_8, special_room_vaults, nicolae_vaults_little_squares_2,
          vaults_room_boxed, v_pattern_4, nicolae_vaults_back_hallway,
          v_misc_13, nicolae_vaults_what_the_h, vaults_mumra_chevron_long,
          ontoclasm_vaults_ring_large, nicolae_vaults_sealed_display,
          uniq_asterion, uniq_saint_roka
Vaults:2: vaults_room_fancy_cross, ontoclasm_vaults_tryst, v_rooms_3,
          ontoclasm_vaults_gateway, hangedman_vaults_snaps,
          hangedman_vaults_trim, nicolae_vaults_little_squares_3
Vaults:3: v_misc_3, minmay_crypt_entry_necro_gods, vaults_room_large_hall,
          vaults_mumra_minichess_inversion, nicolae_vaults_inception_scallops,
          nicolae_vaults_know_your_exits, v_pattern_1,
          ontoclasm_vaults_ring_square, v_misc_16, v_alt_pattern_1,
          vaults_dpeg_cross, nicolae_vaults_rhombus_6
Vaults:4: dpeg_vaults_monster_box, st_greater_box_4,
          nicolae_vaults_network_quinsquares, hangedman_vaults_trim, v_misc_16,
          vaults_room_door_ring, v_alt_pattern_1, hangedman_vaults_variations,
          vaults_dpeg_encased_lava, ontoclasm_vaults_spin, nicolae_vaults_theta,
          hangedman_vaults_cutoff, vaults_room_stairs_pillars, uniq_bai_suzhen
Depths:1: lightli_too_deep, pan_entry, minmay_misc_feat_rows, serial_shops,
          shop, abyss_entry, minmay_holes, tso_metal_star, serial_bayou_shore_a
Depths:2: minmay_box_of_curves, kennysheep_another_room, hangedman_geh_valley,
          minmay_staircase_statues
Depths:3: minmay_tri_stars, rand_demon_pan_entry_1, pf_hell_entry_tar_river,
          nrook_uturn
Depths:4: hangedman_slaughterboxes, serial_shops, hell_entry, abyss_entry
Depths:5: grunt_zot_entry_gee_three, enter_ziggurat_f, abyss_entry, hell_entry,
          rand_demon_pan_entry_9, minmay_misc_feat_rugged,
          nicolae_transmutations_shop
Zot:2:    basic_loot_grate_trap
Zot:3:    kennysheep_ambush_hall
Zot:5:    lemuel_lake_of_fire
IceCv:    ice_cave_small_giant

Skill      XL: |  1  2  3  4  5  6  7  8  9 10 11 12 13 14 15 16 17 18 19 20 21 22 23 24 25 |
---------------+----------------------------------------------------------------------------+-----
Fighting       | 2 3 4 5 6 8 9 10 12 13 | 13.8
Spellcasting   | 4 5 6 8 9 10 11 13 15 | 15.0
Short Blades   | 1 |  1.6
Conjurations   | 2 3 4 5 6 7 9 10 11 12 14 15 16 17 18 | 18.2
Fire Magic     | 5 6 7 8 9 10 11 12 13 14 15 | 15.0
Polearms       | 1 2 3 4 5 6 7 9 10 11 12 13 14 15 16 | 16.0
Stealth        | 3 4 5 |  5.0
Dodging        | 3 4 5 6 8 9 10 11 12 13 14 | 14.5
Evocations     | 1 3 5 6 9 10 | 10.0
Throwing       | 3 4 5 |  5.8
Armour         | 2 4 5 7 9 10 11 13 | 13.7
Necromancy     | 2 4 5 7 10 | 10.0
Summonings     | 4 5 6 7 8 |  8.5
Ice Magic      | 3 5 6 7 11 13 15 | 15.1
Charms         | 2 5 10 | 10.0
Air Magic      | 1 5 9 10 | 10.0
Hexes          | 3 |  3.0
Shields        | 13 15 | 15.0

Action                   |  1- 3 |  4- 6 |  7- 9 | 10-12 | 13-15 | 16-18 | 19-21 | 22-24 | 25-27 || total
-------------------------+-------+-------+-------+-------+-------+-------+-------+-------+-------++-------
Melee: Spear             |    33 |       |       |       |       |       |       |       |       ||    33
       Club              |     5 |       |       |       |       |       |       |       |       ||     5
       Dagger            |    11 |     1 |       |       |       |       |       |       |       ||    12
       Halberd           |       |    20 |    67 |   155 |   520 |   557 |  1011 |   773 |       ||  3103
       Peck              |       |       |     1 |     7 |    45 |    31 |    98 |   161 |    20 ||   363
       Headbutt          |       |       |       |       |     9 |    28 |    95 |   159 |    24 ||   315
       Demon trident     |       |       |       |       |       |       |       |   606 |   142 ||   748
Throw: Javelin           |       |     4 |     4 |       |    16 |    17 |    20 |    41 |     6 ||   108
       Tomahawk          |       |       |       |     2 |     2 |       |       |     2 |       ||     6
 Cast: Flame Tongue      |    68 |    52 |   176 |   414 |   703 |   244 |       |       |       ||  1657
       Throw Flame       |     1 |    34 |    44 |    41 |    12 |       |       |       |       ||   132
       Sticky Flame      |       |     3 |     6 |    54 |   179 |    71 |    24 |    31 |     7 ||   375
       Animate Skeleton  |       |       |    17 |    81 |   175 |   137 |    99 |    63 |     1 ||   573
       Conjure Flame     |       |       |     6 |    32 |    30 |     1 |       |    16 |       ||    85
       Fireball          |       |       |     3 |    27 |    70 |   193 |    48 |    60 |       ||   401
       Sting             |       |       |       |     3 |       |       |       |       |       ||     3
       Call Canine Famil |       |       |       |    13 |     2 |       |       |       |       ||    15
       Vampiric Draining |       |       |       |     2 |       |       |       |       |       ||     2
       Summon Ice Beast  |       |       |       |     4 |    25 |    13 |       |       |       ||    42
       Bolt of Draining  |       |       |       |       |    41 |   202 |   128 |   210 |     8 ||   589
       Repel Missiles    |       |       |       |       |     7 |    15 |     6 |     8 |       ||    36
       Orb of Destructio |       |       |       |       |    24 |   106 |   221 |   223 |    39 ||   613
       Delayed Fireball  |       |       |       |       |     6 |     7 |    15 |    10 |       ||    38
       Bolt of Cold      |       |       |       |       |       |     2 |       |       |       ||     2
       Freezing Cloud    |       |       |       |       |       |     5 |   114 |   130 |    24 ||   273
       Spectral Weapon   |       |       |       |       |       |       |    93 |    32 |     4 ||   129
       Regeneration      |       |       |       |       |       |       |    33 |    54 |     9 ||    96
       Simulacrum        |       |       |       |       |       |       |    18 |       |       ||    18
       Summon Butterflie |       |       |       |       |       |       |       |     6 |     1 ||     7
       Spellforged Servi |       |       |       |       |       |       |       |     7 |     6 ||    13
 Abil: Release Delayed F |       |       |       |       |     5 |     7 |    15 |     7 |       ||    34
Evoke: Wand              |       |       |     6 |    11 |    21 |       |     9 |    17 |     2 ||    66
       Lamp of fire      |       |       |       |     1 |     2 |       |       |     1 |     1 ||     5
       Sack of spiders   |       |       |       |       |     2 |       |       |     4 |     5 ||    11
       Phantom mirror    |       |       |       |       |     1 |       |       |       |       ||     1
       Box of beasts     |       |       |       |       |       |       |       |     1 |     1 ||     2
       Fan of gales      |       |       |       |       |       |       |       |     1 |     1 ||     2
       Phial of floods   |       |       |       |       |       |       |       |     1 |       ||     1
  Use: Potion            |       |     5 |     2 |     1 |    14 |     3 |     6 |    16 |     4 ||    51
       Scroll            |       |       |    13 |    14 |    23 |    18 |    17 |    34 |     1 ||   120
 Stab: Sleeping          |     8 |     2 |    15 |     7 |     9 |    17 |    26 |     6 |       ||    90
       Distracted        |     2 |       |       |     2 |    16 |     8 |    10 |    17 |     3 ||    58
       Invisible         |       |       |     1 |       |       |       |       |       |       ||     1
       Held in net/web   |       |       |       |       |       |       |       |     1 |       ||     1
  Eat: Chunk             |     4 |     9 |    18 |    39 |    68 |    58 |    71 |    44 |     3 ||   314
       Meat ration       |       |       |     1 |       |     6 |     9 |     6 |     5 |       ||    27
       Royal jelly       |       |       |       |     2 |     3 |     1 |     4 |     2 |       ||    12
       Fruit             |       |       |       |       |       |     1 |    12 |     6 |       ||    19
       Bread ration      |       |       |       |       |       |     3 |     2 |    18 |     3 ||    26
Armor: Robe              |     8 |       |    17 |    25 |    45 |       |       |       |       ||    95
       Skin              |       |       |       |    22 |     8 |       |       |       |       ||    30
       Acid dragon scale |       |       |       |       |    97 |   117 |   187 |   240 |       ||   641
       Scale mail        |       |       |       |       |     2 |       |       |       |       ||     2
       Leather armour    |       |       |       |       |       |    25 |       |       |       ||    25
       Storm dragon scal |       |       |       |       |       |       |       |     8 |       ||     8
       Pearl dragon scal |       |       |       |       |       |       |       |   106 |    39 ||   145
Dodge: Dodged            |    33 |    22 |    84 |   128 |   481 |   448 |   477 |   701 |    51 ||  2425
       Deflected         |       |       |       |       |    31 |    79 |    69 |    70 |     4 ||   253
Block: Other             |       |     4 |    23 |    71 |   229 |   194 |   124 |    60 |       ||   705
       Reflection        |       |       |     6 |     1 |    17 |    64 |    16 |     5 |       ||   109
       Shield            |       |       |       |       |       |       |       |   225 |    46 ||   271
       Buckler           |       |       |       |       |       |       |       |   104 |       ||   104
